 Dungeon Crawl Stone Soup version 0.24-a0-479-g9a978d2894 (webtiles) character file.

Game seed: 2547673465192001355

91 Murumi the Shield-Bearer (level 4, -1/37 HPs)
             Began as a Formicid Fighter on July 8, 2019.
             Slain by a gnoll
             ... wielding a +0 spear
              (7 damage)
             ... on level 2 of the Dungeon.
             The game lasted 00:07:29 (1634 turns).

Murumi the Shield-Bearer (Formicid Fighter)         Turns: 1634, Time: 00:07:30

Health: -1/37      AC:  8    Str: 20    XL:     4   Next: 87%
Magic:  4/4        EV:  8    Int:  9    God:
Gold:   126        SH: 10    Dex: 10    Spells: 3/3 levels left

rFire    . . .     SeeInvis +   a - +0 long sword
rCold    + . .     Gourm    .   c - +1 shield
rNeg     . . .     Faith    .   b - +0 scale mail
rPois    .         Spirit   .   (helmet unavailable)
rElec    .         Reflect  .   (no cloak)
rCorr    .         Harm     .   k - +0 pair of gloves
MR       .....                  (no boots)
Stlth    ..........             (no amulet)
HPRegen  0.12/turn              l - ring of protection from cold
MPRegen  0.09/turn              (no ring)

@: no status effects
A: permanent stasis, dig shafts and tunnels, four strong arms, antennae 3
a: Dig, Shaft Self


You were on level 2 of the Dungeon.
You were hungry.

You visited 1 branch of the dungeon, and saw 2 of its levels.

You collected 126 gold pieces.

Inventory:

Hand Weapons
 a - a +0 long sword (weapon)
Missiles
 e - 29 stones (quivered)
 g - 11 poisoned darts
 j - 21 bolts
Armour
 b - a +0 scale mail (worn)
 c - a +1 shield (worn)
 k - a +0 pair of gloves (worn)
Jewellery
 l - a ring of protection from cold (left hand)
Scrolls
 i - 2 scrolls of amnesia
 o - a scroll of magic mapping
Potions
 d - a potion of might
 h - 3 potions of curing
 n - a potion of lignification
 p - a potion of brilliance {unknown}
Comestibles
 f - 4 rations


   Skills:
 - Level 4.0 Fighting
 - Level 3.0 Long Blades
 - Level 4.0 Armour
 - Level 1.0 Dodging
 + Level 4.0 Shields


You had 3 spell levels left.
You didn't know any spells.
Your spell library was empty.

Dungeon Overview and Level Annotations

Branches:
Dungeon (2/15)

Altars:


Innate Abilities, Weirdness & Mutations

You cannot be hasted, slowed, berserked, paralysed or teleported.
You can dig through walls and to a lower floor.
Your four strong arms can wield two-handed weapons with a shield.
You have a pair of large antennae on your head. (SInv)


Message History

You barely miss the gnoll. The gnoll hits you but does no damage.
You hit the gnoll.
The gnoll is moderately wounded.
The gnoll hits you with a +0 spear. The gnoll barely misses you.
You riposte.
You hit the gnoll but do no damage.
The gnoll is moderately wounded.
Your shield and scale mail prevent you from hitting the gnoll.
The gnoll is moderately wounded.
You block the gnoll's attack.
You closely miss the gnoll.
The gnoll is moderately wounded.
You block the gnoll's attack.
You hit the gnoll.
The gnoll is severely wounded.
You block the gnoll's attack. The gnoll hits you with a +0 spear.
* * * LOW HITPOINT WARNING * * *
You hit the gnoll.
The gnoll is almost dead.
The gnoll hits you with a +0 spear!
You die...

,,,..............#.##.##.)†.####.
,,,.......g..{...#.##.##...#...#.
,,,.(.....g..g...#.##.##...#...#.
,,,.......g......#.##......#...#.
,,,(.....###+###g#.........#####.
,,,......* *,* #.####.##.........
,,,......* ***##.................
,,,,....,* #g########.#.#.####
,,,,,,,,** ##@# #.#.#.# *********
### #.#.#.# ###.#.# #.#.# #.#.#
#.*.# *,,,* ***,* *,*


You could see a gnoll.

Vanquished Creatures
  3 gnolls (D:2)
  An adder (D:2)
  An ooze (D:1)
  A worm (D:2)
  A dart slug (D:1)
  A leopard gecko (D:2)
  6 bats
  A giant cockroach (D:1)
  6 goblins
  3 hobgoblins (D:1)
  3 quokkas (D:2)
  2 frilled lizards
  8 kobolds
  5 rats
42 creatures vanquished.

Notes
Turn   | Place    | Note
-------+----------+-------------------------------------------
     0 | D:1      | Murumi the Formicid Fighter began the quest for the Orb.
     0 | D:1      | Reached XP level 1. HP: 18/18 MP: 1/1
   196 | D:1      | Reached skill level 1 in Dodging
   207 | D:1      | Reached XP level 2. HP: 24/24 MP: 2/2
   463 | D:1      | Reached XP level 3. HP: 19/29 MP: 3/3
  1267 | D:2      | Reached XP level 4. HP: 30/37 MP: 4/4
  1634 | D:2      | Slain by a gnoll

Levels and vault maps discovered:
D:1:      scummos_arrival_checkerplants, layout_loops_ring, chequers_avenue
D:2:      layout_basic, minmay_crystal_water, due_unseen_surprise,
          uniq_crazy_yiuf_cottage

Skill      XL: |  1  2  3  4 |
---------------+-------------+-----
Dodging        | 1 |  1.0
Shields        | 4 |  4.0
Long Blades    | 3 |  3.0
Fighting       | 4 |  4.0
Armour         | 4 |  4.0

Action                   |  1- 3 |  4- 6 || total
-------------------------+-------+-------++-------
Melee: Long sword        |    89 |    56 ||   145
Throw: Stone             |    43 |    10 ||    53
       Javelin           |       |     2 ||     2
 Abil: Dig               |       |     2 ||     2
  Use: Scroll            |     3 |     3 ||     6
  Eat: Chunk             |     1 |     1 ||     2
Armor: Scale mail        |    32 |     9 ||    41
Dodge: Dodged            |    20 |    10 ||    30
Block: Shield            |    45 |    33 ||    78
       Rpst.: Long sword |     4 |     2 ||     6

Table legend:
 A = Non-vault XP
 B = Vault XP
 C = Vault XP percentage of total XP
 D = Non-vault monster count
 E = Vault monster count
 F = Vault count percentage of total count
                 A         B        C        D         E       F
            +---------+---------+-------+---------+---------+-------
      Total |     130 |       0 |   0.0 |      42 |       0 |   0.0
            +---------+---------+-------+---------+---------+-------
        D:1 |      41 |       0 |   0.0 |      21 |       0 |   0.0
        D:2 |      89 |       0 |   0.0 |      21 |       0 |   0.0
            +---------+---------+-------+---------+---------+-------
